 Dungeon Crawl Stone Soup version 0.31-a0-978-g1e143483b6 (webtiles) character file.

Game seed: 14057318734473293346

81 Azuregosa the Shooter (level 4, -2/35 HPs)
             Began as a Minotaur Hexslinger on Oct 30, 2023.
             Slain by a cerulean imp
             ... wielding a +1 spear
             ... summoned by Natasha
              (6 damage)
             ... on level 2 of the Dungeon.
             The game lasted 00:05:54 (665 turns).

Azuregosa the Shooter (Minotaur Hexslinger)          Turns: 665, Time: 00:05:56

Health: -2/35      AC:  2    Str: 12    XL:     4   Next: 20%
Magic:  4/4        EV: 12    Int: 10    God:
Gold:   59         SH:  0    Dex: 15    Spells: 5/5 levels left

rFire   . . .        a - +1 sling
rCold   . . .        (no shield)
rNeg    . . .        c - +0 robe
rPois   .            (helmet restricted)
rElec   .            (no cloak)
rCorr   .            (no gloves)
SInv    .            (no boots)
Will    .....        (no amulet)
Stlth   +            (no ring)
HPRegen 0.25/turn    (no ring)
MPRegen 0.09/turn

%: no passive effects
@: no status effects
A: horns 2, retaliatory headbutt
a: no special abilities


You were on level 2 of the Dungeon.
You visited 1 branch of the dungeon, and saw 2 of its levels.

You collected 59 gold pieces.

Inventory:

Hand Weapons
 a - a +1 sling (weapon)
Armour
 c - a +0 robe (worn)
Scrolls
 b - a scroll of poison
 f - a scroll of vulnerability {unknown}
Potions
 d - a potion of attraction {unknown}
 e - 2 potions of curing {unknown}


   Skills:
 - Level 1.2 Fighting
 + Level 5.0 Ranged Weapons
 - Level 2.1 Dodging
 - Level 1.0 Spellcasting
 - Level 2.0 Hexes
 - Level 0.6 Fire Magic


You had 5 spell levels left.
You didn't know any spells.
Your spell library contained the following spells:

 Spells                   Type           Power      Damage    Failure   Level
 Jinxbite                 Hex            8%         N/A       22%         2
 Sigil of Binding         Hex            4%         N/A       41%         3
 Inner Flame              Hex/Fire       3%         N/A       52%         3
 Cause Fear               Hex            2%         N/A       83%         4
 Dimensional Bullseye     Hex/Tloc       1%         N/A       92%         4


Dungeon Overview and Level Annotations

Branches:
Dungeon (2/15)

Altars:

Annotations:
D:2 Natasha


Innate Abilities, Weirdness & Mutations

You have a pair of horns on your head.
You reflexively headbutt those who attack you in melee.


Message History

The cerulean imp hits you from afar with a +1 spear.
Fire: a) +1 sling
Press: ? - help, Q - select action Shift-Dir - straight line, f/p - Natasha
Aim: Natasha (moderately wounded, 51% to hit)
You shoot a sling bullet. The sling bullet hits Natasha.
Natasha is heavily wounded.
Natasha completely misses you. The cerulean imp barely misses you.
Fire: a) +1 sling
Press: ? - help, Q - select action Shift-Dir - straight line, f/p - Natasha
Aim: Natasha (heavily wounded, 51% to hit)
You shoot a sling bullet. The sling bullet hits Natasha.
Natasha is severely wounded.
Natasha claws you. The cerulean imp closely misses you.
Natasha casts a spell at you. You resist with some effort.
Fire: a) +1 sling
Press: ? - help, Q - select action Shift-Dir - straight line, f/p - Natasha
Aim: Natasha (severely wounded, 51% to hit)
You shoot a sling bullet. The sling bullet hits Natasha.
Natasha is almost dead.
The cerulean imp hits you from afar with a +1 spear.
Natasha claws you.
Fire: a) +1 sling
Press: ? - help, Q - select action Shift-Dir - straight line, f/p - Natasha
Aim: Natasha (almost dead, 51% to hit)
You shoot a sling bullet.
The sling bullet hits Natasha but does no damage.
Natasha is almost dead.
The cerulean imp closely misses you.
Natasha extends her claws.
Natasha casts a spell at you. The magic dart hits you!
* * * LOW HITPOINT WARNING * * *
Fire: a) +1 sling
Press: ? - help, Q - select action Shift-Dir - straight line, f/p - Natasha
Aim: Natasha (almost dead, 51% to hit)
You shoot a sling bullet.
The sling bullet closely misses Natasha.
The cerulean imp hits you from afar with a +1 spear.
You die...

#................
#...............# .#
#.............#.# .
#...............# . #
#........#.###... #.##
##...#(†.......#. ..l.
##......#....## #.
#.......#..### #.
#......(.@.######## #.
#.......##h5≈≈≈≈≈≈##h.....
##.....###...~..†......
#.......###.~....#.....
#......[# ###~..## ###
#.......# #...## ##.....##
#..## ##...## #... #####
##..


You could see Natasha and a cerulean imp (summoned).

Vanquished Creatures
  3 adders (D:2)
  A worm (D:2)
  2 dart slugs (D:2)
  4 bats (D:1)
  5 endoplasms
  4 giant cockroaches (D:1)
  2 hobgoblins
  3 jackals (D:2)
  6 quokkas
  3 ball pythons
  2 frilled lizards
  2 goblins (D:1)
  3 kobolds
  4 rats (D:1)
44 creatures vanquished.

Notes
Turn   | Place    | Note
-------+----------+-------------------------------------------
     0 | D:1      | Azuregosa the Minotaur Hexslinger began the quest for the
                  | Orb.
     0 | D:1      | Reached XP level 1. HP: 16/16 MP: 1/1
    54 | D:1      | Reached skill level 3 in Ranged Weapons
    63 | D:1      | Reached XP level 2. HP: 22/23 MP: 2/2
   135 | D:2      | Noticed Natasha
   387 | D:1      | Reached XP level 3. HP: 28/28 MP: 3/3
   480 | D:2      | Reached skill level 4 in Ranged Weapons
   615 | D:2      | Reached XP level 4. HP: 27/35 MP: 4/4
   622 | D:2      | Reached skill level 5 in Ranged Weapons
   665 | D:2      | Slain by a cerulean imp

Illustrated notes

Levels and vault maps discovered:
D:1:      dpeg_arrival_windows_large_door, layout_rooms
D:2:      layout_rooms, shapermc_ecumenical_altar_hornbeckon, basic_altar,
          serial_rivers, chequers_serial_rivers_small_b,
          chequers_serial_rivers_micro_b, chequers_serial_rivers_large_b,
          chequers_serial_rivers_micro_e, chequers_serial_rivers_room_a,
          chequers_serial_rivers_small_a, minmay_fractal_squares_5, uniq_natasha

Skill      XL: |  1  2  3  4 |
---------------+-------------+-----
Ranged Weapons | 3 4 5 |  5.0
Fighting       | |  1.2
Dodging        | |  2.1
Spellcasting   | |  1.0
Hexes          | |  2.0
Fire Magic     | |  0.6

Action                     |  1- 3 |  4- 6 || total
---------------------------+-------+-------++-------
   Fire: Sling             |   139 |    24 ||   163
 Armour: Robe              |    51 |    12 ||    63
  Dodge: Dodged            |    66 |     8 ||    74

Table legend: (Time is in decaauts)
 A = Elapsed time spent in this place.
 B = Non-inter-level travel time spent in this place.
 C = Inter-level travel time spent in this place.
 D = Time resting spent in this place.
 E = Time spent auto-exploring this place.
 F = Levels seen in this place.
 G = Mean time per level.
                   A        B        C        D        E       F      G
               +--------+--------+--------+--------+--------+-----+--------+
         Total |    700 |    676 |     24 |     25 |    306 |   2 |  350.0 |
       Dungeon |    700 |    676 |     24 |     25 |    306 |   2 |  350.0 |
               +--------+--------+--------+--------+--------+-----+--------+

Top non-repeatable levels by time:
     D:1: 473 daAuts
     D:2: 226 daAuts
